[Event "Titled Tuesday Blitz June 6 Early 2023"]
[White "Bashirli, Saadat"]
[Black "Janaszak, Dawid"]
[WhiteFideId "13429990"]
[BlackFideId "1119206"]
[WhiteElo "1408"]
[BlackElo "2220"]
[Result "1/2-1/2"]
[Round "7"]
[TimeControl "180+2"]
[Date "2023.06.06"]
[WhiteClock "0:00:07"]
[BlackClock "0:00:54"]
[Board "105"]

1. d4 Nf6 2. e3 c5 3. c3 g6 4. f4 Bg7 5. Bd3 b6 6. Nf3 O-O 7. O-O Ba6 8. Bxa6 Nxa6 9. Qe2 Qc8 10. e4 d6 11. Nbd2 cxd4 12. cxd4 Nb4 13. a3 Qa6 14. Qxa6 Nxa6 15. Re1 Rac8 16. g3 Rc2 17. Nf1 Rfc8 18. Ne3 R2c7 19. e5 dxe5 20. fxe5 Ne8 21. Bd2 e6 22. Bc3 Rd7 23. Rad1 Nac7 24. Nd2 Nd5 25. Nxd5 Rxd5 26. Ne4 Rcd8 27. Rd2 Bh6 28. Rf2 R5d7 29. Kg2 Bg7 30. Ref1 Nc7 31. Nd6 Rf8 32. g4 Nd5 33. Rf3 f5 34. exf6 Rxd6 35. fxg7 Rxf3 36. Rxf3 Kxg7 37. h3 Rd7 38. Kf2 Rf7 39. Rxf7+ Kxf7 40. Kf3 Kf6 41. Bd2 h5 42. Ke4 hxg4 43. hxg4 g5 44. Bc1 Ne7 45. Bd2 Ng8 46. Bc3 Nh6 47. d5+ Kf7 48. dxe6+ Kxe6 49. Bd2 Nxg4 50. Bxg5 Nf2+ 51. Ke3 Nd1+ 52. Kd2 Nxb2 53. Kc3 Na4+ 54. Kb4 Nc5 55. Be3 Kd5 56. a4 Kc6 57. a5 Na6+ 58. Ka3 Nc5 59. axb6 axb6 60. Kb4 Nd3+ 61. Kc3 Nc5 62. Kb4 Na6+ 63. Ka3 b5 64. Kb3 Nc7 65. Bd2 Ne6 66. Ka3 Nc5 67. Kb2 Ne4 68. Be1 Kd5 69. Kb3 Nc5+ 70. Kb4 Kc6 71. Bd2 Ne4 72. Be1 Nf6 73. Bd2 Nd5+ 74. Kb3 Nb6 75. Be1 Nc4 76. Kb4 Ne5 77. Kb3 Nd3 78. Bd2 Kc5 79. Kc3 Ne5 80. Kb3 Nc4 81. Be1 Nb6 82. Bf2+ Kc6 83. Bxb6 Kxb6 84. Kb4 Ka6 85. Kb3 Ka5 86. Ka3 b4+ 87. Kb3 Kb5 88. Kb2 Ka4 89. Ka2 b3+ 90. Kb2 Kb4 91. Kb1 Ka3 92. Ka1 b2+ 93. Kb1 Kb3 1/2-1/2


[Site "https://www.chess.com"]

[Event "Titled Tuesday Blitz June 6 Early 2023"]
[White "Vaglio Munoz, Jaime"]
[Black "Pinheiro, Iung Alicio de O."]
[WhiteFideId "6500145"]
[BlackFideId "2104350"]
[WhiteElo "2199"]
[BlackElo "2283"]
[Result "0-1"]
[Round "7"]
[TimeControl "180+2"]
[Date "2023.06.06"]
[WhiteClock "0:00:17"]
[BlackClock "0:00:14"]
[Board "106"]

1. Nf3 d5 2. c4 d4 3. e3 c5 4. b4 dxe3 5. fxe3 cxb4 6. d4 Bf5 7. Nbd2 Nf6 8. Qa4+ Nbd7 9. a3 b3 10. Qxb3 e6 11. Be2 Bd6 12. O-O O-O 13. c5 Bc7 14. Nc4 Ne4 15. Bb2 b6 16. c6 Ndf6 17. Nce5 Nd5 18. g4 Bg6 19. Nd7 Re8 20. Rae1 h5 21. h3 hxg4 22. hxg4 Qe7 23. Kg2 Qd6 24. Nde5 f6 25. Nxg6 Qg3+ 26. Kh1 Kf7 0-1


[Site "https://www.chess.com"]

[Event "Titled Tuesday Blitz June 6 Early 2023"]
[White "Srebrnic, Marko"]
[Black "Cardozo Munar, Carlos Eduardo"]
[WhiteFideId "14603616"]
[BlackFideId "4409477"]
[WhiteElo "2341"]
[BlackElo "2067"]
[Result "1-0"]
[Round "7"]
[TimeControl "180+2"]
[Date "2023.06.06"]
[WhiteClock "0:02:12"]
[BlackClock "0:01:09"]
[Board "107"]

1. e4 e6 2. d4 d5 3. Nc3 Nf6 4. Bg5 Be7 5. e5 Nfd7 6. Bxe7 Qxe7 7. f4 O-O 8. Nf3 c5 9. dxc5 Qxc5 10. Qd2 a6 11. Bd3 b5 12. O-O-O b4 13. Ne2 a5 14. Ned4 Ba6 15. Kb1 Bxd3 16. cxd3 Nc6 17. Rc1 Nxd4 18. Rxc5 Nxf3 19. gxf3 Nxc5 20. d4 Nd7 21. Rc1 Rfc8 22. Rxc8+ Rxc8 23. Qd3 Rc4 24. b3 Rc3 25. Qb5 Nf8 26. Qxa5 Rxf3 27. Qxb4 Rxf4 28. a4 Rf1+ 29. Kc2 Rf2+ 30. Kb1 Rf1+ 31. Ka2 Rf2+ 32. Ka3 Rxh2 33. a5 Rh1 34. Qc3 g5 35. a6 h5 36. a7 Kg7 37. a8=Q g4 38. Qd8 Ng6 39. Qf6+ 1-0


[Site "https://www.chess.com"]

[Event "Titled Tuesday Blitz June 6 Early 2023"]
[White "Arencibia Monduy, Antonio"]
[Black "Torres Dominguez, David"]
[WhiteFideId "3507939"]
[BlackFideId "2220857"]
[WhiteElo "2491"]
[BlackElo "1999"]
[Result "1-0"]
[Round "7"]
[TimeControl "180+2"]
[Date "2023.06.06"]
[WhiteClock "0:00:34"]
[BlackClock "0:00:10"]
[Board "108"]

1. e4 Nc6 2. d4 e5 3. d5 Nce7 4. c4 Ng6 5. Nc3 Bc5 6. Nf3 Nf6 7. h3 d6 8. Bd3 a6 9. O-O Qe7 10. a3 Ba7 11. b4 Nh5 12. Bg5 f6 13. Be3 Nhf4 14. Kh2 O-O 15. Bc2 f5 16. Bxf4 Nxf4 17. g3 Nxh3 18. exf5 Ng5 19. Nh4 e4 20. Nxe4 Nxe4 21. Qe2 Re8 22. Rae1 Nxg3 23. Qxe7 Nxf1+ 24. Kg1 Rxe7 25. Rxe7 Nd2 26. f6 gxf6 27. Bxh7+ Kf8 28. Ng6# 1-0


[Site "https://www.chess.com"]

[Event "Titled Tuesday Blitz June 6 Early 2023"]
[White "Atakhan, Abtin"]
[Black "Topalov, Aleksandar"]
[WhiteFideId "22502203"]
[BlackFideId "925659"]
[WhiteElo "2008"]
[BlackElo "2151"]
[Result "1-0"]
[Round "7"]
[TimeControl "180+2"]
[Date "2023.06.06"]
[WhiteClock "0:01:11"]
[BlackClock "0:00:31"]
[Board "109"]

1. c4 Nf6 2. Nc3 g6 3. e4 d6 4. d4 Bg7 5. Nf3 O-O 6. Be2 c5 7. O-O cxd4 8. Nxd4 Nc6 9. Be3 Bd7 10. f3 Nxd4 11. Bxd4 Bc6 12. Qd2 a5 13. b3 Nd7 14. Be3 Nc5 15. Rac1 Qb6 16. Nb5 Bxb5 17. cxb5 Rfc8 18. Rfd1 Qd8 19. Qd5 b6 20. Bc4 Qf8 21. Rc2 Rd8 22. a3 Rac8 23. b4 axb4 24. axb4 Nd7 25. Bb3 Rxc2 26. Bxc2 Rb8 27. Bb3 Ne5 28. h4 Qe8 29. h5 Bf6 30. h6 Nd7 31. Rc1 Be5 32. f4 Bf6 33. Rc7 Nf8 34. Qc6 Qd8 35. g4 Ne6 36. Rd7 Qe8 37. Rb7 Bd4 38. Kf2 Bxe3+ 39. Kxe3 Rxb7 40. Qxe8+ 1-0


[Site "https://www.chess.com"]

[Event "Titled Tuesday Blitz June 6 Early 2023"]
[White "Escanor89"]
[Black "LeoLV10"]
[WhiteElo "2533"]
[BlackElo "2414"]
[Result "0-1"]
[Round "7"]
[TimeControl "180+2"]
[Date "2023.06.06"]
[WhiteClock "0:00:03"]
[BlackClock "0:00:04"]
[Board "110"]

1. e4 c6 2. d4 d5 3. Nd2 dxe4 4. Nxe4 Nf6 5. Nxf6+ exf6 6. c3 Bd6 7. Bd3 O-O 8. Qc2 Re8+ 9. Ne2 h5 10. O-O Nd7 11. Be3 Nf8 12. Rfe1 h4 13. Bf5 Bxf5 14. Qxf5 g6 15. Qh3 f5 16. Bh6 Ne6 17. Qd3 Kh7 18. Bd2 Kg7 19. c4 Rh8 20. Bc3 f6 21. Rad1 Qc7 22. h3 Rad8 23. d5 Nc5 24. Qd4 Ne4 25. Qd3 c5 26. f3 Bh2+ 27. Kf1 Nxc3 28. Nxc3 Bg3 29. Re6 Rhe8 30. Rxe8 Rxe8 31. d6 Qd7 32. Ne2 Be5 33. b3 g5 34. f4 gxf4 35. Qf3 Re6 36. Nxf4 Rxd6 37. Rxd6 Qxd6 38. Nd5 Qe6 39. Qh5 Bg3 40. Qe2 Be5 41. a4 Qf7 42. Qe1 Qh5 43. Qe2 Qg5 44. Qf3 Qc1+ 45. Ke2 Qc2+ 46. Kf1 Bg3 47. Ne3 Qc1+ 48. Nd1 Qd2 49. Qe2 Qf4+ 50. Qf3 Qd4 51. Ne3 Qa1+ 52. Qd1 Qc3 53. Qd7+ Kf8 54. Qc8+ Kf7 55. Qd7+ Kf8 56. Qd8+ Kf7 57. Qd7+ Kg6 58. Qxf5+ Kg7 59. Qd7+ Kf8 60. Qd8+ Kf7 61. Qd7+ Kg6 62. Qg4+ Kh7 63. Qf5+ Kh6 64. Qg4 Qe1# 0-1


[Site "https://www.chess.com"]

[Event "Titled Tuesday Blitz June 6 Early 2023"]
[White "Srdanovic, Jovana"]
[Black "Koridze, Lile"]
[WhiteFideId "954810"]
[BlackFideId "13612514"]
[WhiteElo "2155"]
[BlackElo "2047"]
[Result "0-1"]
[Round "7"]
[TimeControl "180+2"]
[Date "2023.06.06"]
[WhiteClock "0:01:14"]
[BlackClock "0:01:24"]
[Board "111"]

1. d4 Nf6 2. c4 e6 3. Nf3 d5 4. Nc3 Bb4 5. Bg5 O-O 6. e3 h6 7. Bh4 g5 8. Bg3 Ne4 9. Qc2 f5 10. a3 Bxc3+ 11. bxc3 c5 12. cxd5 exd5 13. Be5 c4 14. Be2 Nc6 15. O-O g4 16. Nd2 Nxe5 17. dxe5 Qe7 18. f3 Nxd2 19. Qxd2 Qxe5 20. Rfd1 Be6 21. Rab1 b6 22. Rb5 Rac8 23. a4 Qf6 24. Qd4 Qxd4 25. Rxd4 Kf7 26. Kf2 h5 27. e4 fxe4 28. fxe4 Kg6+ 29. Ke3 Rce8 30. Kd2 Rf2 31. Ke1 Rxg2 32. Bf1 Rxh2 33. a5 bxa5 34. Rxa5 Re7 35. Ra6 Kg5 36. exd5 Bc8+ 37. Re6 Bxe6 38. dxe6 Rxe6+ 39. Kd1 Rh1 0-1


[Site "https://www.chess.com"]

[Event "Titled Tuesday Blitz June 6 Early 2023"]
[White "Bas Mas, Jose Joaquin"]
[Black "Begunov, Konstantin"]
[WhiteFideId "22219064"]
[BlackFideId "4118510"]
[WhiteElo "2212"]
[BlackElo "1993"]
[Result "1-0"]
[Round "7"]
[TimeControl "180+2"]
[Date "2023.06.06"]
[WhiteClock "0:00:43"]
[BlackClock "0:00:03"]
[Board "112"]

1. d4 d5 2. Nc3 Bf5 3. Bf4 e6 4. e3 Bd6 5. Nf3 Nf6 6. Ne5 Nfd7 7. g4 Bxe5 8. dxe5 Bg6 9. h4 h5 10. g5 Nc6 11. a3 Ndxe5 12. Bb5 Nc4 13. Bxc4 dxc4 14. Qxd8+ Kxd8 15. O-O-O+ Kc8 16. Nb5 e5 17. Bh2 a6 18. Nc3 b5 19. Rd5 Re8 20. Rhd1 Kb7 21. a4 b4 22. Ne2 Kb6 23. a5+ Nxa5 24. Bxe5 Be4 25. Bd4+ c5 26. Rxc5 Nc6 27. Rxc4+ Nxd4 28. Rdxd4 Bf3 29. Rxb4+ Kc5 30. Nf4 a5 31. Rdc4+ Kd6 32. Rb6+ Ke7 33. Rc7+ Kf8 34. g6 fxg6 35. Ne6+ Kg8 36. Rxg7+ Kh8 37. Rxg6 Rad8 38. Nxd8 Rxd8 39. Rgd6 Rg8 40. Rh6+ Kg7 41. Rhg6+ Kf7 42. Rxg8 Kxg8 43. Rb5 1-0


[Site "https://www.chess.com"]

[Event "Titled Tuesday Blitz June 6 Early 2023"]
[White "Estrada Nieto, Julian"]
[Black "Lopez Idarraga, Daniel Eduardo"]
[WhiteFideId "5101018"]
[BlackFideId "4405501"]
[WhiteElo "2161"]
[BlackElo "1980"]
[Result "0-1"]
[Round "7"]
[TimeControl "180+2"]
[Date "2023.06.06"]
[WhiteClock "0:00:01"]
[BlackClock "0:00:31"]
[Board "113"]

1. e4 c5 2. Nf3 Nc6 3. Bb5 g6 4. Bxc6 dxc6 5. d3 Bg7 6. h3 Nf6 7. Nc3 O-O 8. Be3 b6 9. Qd2 e5 10. Bh6 Qe7 11. O-O Nh5 12. Bxg7 Kxg7 13. Ne2 Qf6 14. Nh2 Be6 15. Qc3 Qg5 16. f4 Qf6 17. fxe5 Qe7 18. g4 Qg5 19. Nf3 Qe3+ 20. Rf2 Nf4 21. Nxf4 Qxf4 22. Kg2 h5 23. Nh2 Qg5 24. Nf3 Qf4 25. g5 h4 26. Rh1 Qg3+ 27. Kf1 Bxh3+ 28. Ke2 Bg2 29. e6+ Kg8 30. Re1 fxe6 31. d4 cxd4 32. Nxd4 Qxf2+ 33. Kd1 Qxd4+ 34. Qxd4 Rad8 35. Qxd8 Rxd8+ 36. Ke2 Bxe4 0-1


[Site "https://www.chess.com"]

[Event "Titled Tuesday Blitz June 6 Early 2023"]
[White "Kokoszczynski, Jan"]
[Black "Fernandez Siles, Luis"]
[WhiteFideId "1174460"]
[BlackFideId "2209420"]
[WhiteElo "2139"]
[BlackElo "2195"]
[Result "0-1"]
[Round "7"]
[TimeControl "180+2"]
[Date "2023.06.06"]
[WhiteClock "0:00:07"]
[BlackClock "0:00:21"]
[Board "114"]

1. e4 c5 2. Nf3 Nc6 3. d4 cxd4 4. Nxd4 Nf6 5. Nc3 e5 6. Ndb5 d6 7. Nd5 Nxd5 8. exd5 Nb8 9. a4 Be7 10. Be2 O-O 11. O-O f5 12. Bd2 Nd7 13. a5 e4 14. Nd4 Ne5 15. a6 bxa6 16. Bxa6 Qb6 17. Bxc8 Qxd4 18. Be6+ Kh8 19. Bc3 Qb6 20. Qe2 Ng6 21. Qa6 Qd8 22. g3 Bf6 23. Bxf6 Rxf6 24. Qb7 Rf8 25. Rxa7 Rxa7 26. Qxa7 Ne5 27. Qe3 Nf3+ 28. Kg2 Qe8 29. Ra1 Qh5 30. h4 Qg4 31. Qf4 Nxh4+ 32. Kg1 Nf3+ 33. Kg2 Nh4+ 34. Kg1 Nf3+ 35. Kf1 Qh3+ 36. Ke2 Nd4+ 37. Kd2 g5 38. Qe3 Nf3+ 39. Kc3 Qh6 40. Ra7 Qf6+ 41. Kc4 Ne5+ 42. Kb3 Rb8+ 43. Ka2 Nd3 44. c3 Rxb2+ 45. Ka1 Qxc3 46. Ra8+ Rb8+ 0-1


[Site "https://www.chess.com"]

[Event "Titled Tuesday Blitz June 6 Early 2023"]
[White "i_like_explosions"]
[Black "Sovetbekova, Nurai"]
[BlackFideId "13801910"]
[WhiteElo "2457"]
[BlackElo "1857"]
[Result "1-0"]
[Round "7"]
[TimeControl "180+2"]
[Date "2023.06.06"]
[WhiteClock "0:00:16"]
[BlackClock "0:00:02"]
[Board "115"]

1. d4 Nf6 2. Bg5 d5 3. Bxf6 exf6 4. e3 Bd6 5. c4 dxc4 6. Bxc4 O-O 7. Nf3 c5 8. O-O Bg4 9. Nc3 cxd4 10. exd4 Nc6 11. d5 Ne5 12. Be2 Nxf3+ 13. Bxf3 Bxf3 14. Qxf3 Rc8 15. Rfe1 Be5 16. Rad1 a6 17. Re2 Qc7 18. Ne4 Bxh2+ 19. Kh1 Bd6 20. g3 Qd7 21. Kg2 Rfd8 22. Red2 Bb4 23. Rd3 Rc2 24. Rb3 Ba5 25. Qd3 Rdc8 26. Rh1 f5 27. Ng5 h6 28. Nf3 R2c5 29. Rd1 Rd8 30. d6 b5 31. Qd4 Rc4 32. Qd5 Qc6 33. Rbd3 Rxd6 34. Qxd6 Qxd6 35. Rxd6 Rc2 36. Rxa6 1-0


[Site "https://www.chess.com"]

[Event "Titled Tuesday Blitz June 6 Early 2023"]
[White "Baraeva, Irina"]
[Black "Khromkin, Andrey"]
[WhiteFideId "24142565"]
[BlackFideId "4154126"]
[WhiteElo "2085"]
[BlackElo "2454"]
[Result "1-0"]
[Round "7"]
[TimeControl "180+2"]
[Date "2023.06.06"]
[WhiteClock "0:00:20"]
[BlackClock "0:00:16"]
[Board "116"]

1. d4 d5 2. Nf3 a6 3. Bf4 c5 4. e3 Nc6 5. c3 Bg4 6. Nbd2 e6 7. Be2 Bd6 8. Ne5 Bxe2 9. Qxe2 Bxe5 10. dxe5 Nge7 11. Qg4 Ng6 12. Qg3 Qh4 13. Qxh4 Nxh4 14. Bg3 Nf5 15. Bf4 Nfe7 16. Bg3 g5 17. f4 Nf5 18. Ke2 Rg8 19. Kf3 O-O-O 20. Bf2 f6 21. g4 Nh6 22. exf6 Rdf8 23. fxg5 Rxg5 24. h3 Rxf6+ 25. Ke2 Rg8 26. Bh4 Rff8 27. Raf1 Nf7 28. Nf3 Nce5 29. Be7 Re8 30. Bxc5 Nd7 31. Ba3 h5 32. gxh5 Rh8 33. Rhg1 Rxh5 34. Rg7 Nfe5 35. Nxe5 Nxe5 36. Bd6 Nc4 37. Bg3 1-0


[Site "https://www.chess.com"]

[Event "Titled Tuesday Blitz June 6 Early 2023"]
[White "Rosenberg, Evan S"]
[Black "Balla, Tamas-Kristof"]
[WhiteFideId "2019299"]
[BlackFideId "1208497"]
[WhiteElo "2347"]
[BlackElo "2334"]
[Result "1-0"]
[Round "7"]
[TimeControl "180+2"]
[Date "2023.06.06"]
[WhiteClock "0:00:59"]
[BlackClock "0:00:12"]
[Board "117"]

1. d4 d5 2. Nf3 Nf6 3. Bg5 e6 4. e3 Be7 5. c4 O-O 6. Nc3 Nbd7 7. cxd5 exd5 8. Bd3 h6 9. Bf4 b6 10. O-O Bb7 11. Rc1 Rc8 12. h3 c5 13. Ne5 Nxe5 14. Bxe5 Ne4 15. Qh5 Bf6 16. Rfd1 Bxe5 17. dxe5 Qg5 18. Qxg5 Nxg5 19. f4 Ne4 20. Bxe4 dxe4 21. Rd7 Bc6 22. Rxa7 Rfd8 23. Rc2 b5 24. Kf2 b4 25. Na4 Rd5 26. Rxc5 Rd2+ 27. Kg3 Bd7 28. Rxc8+ Bxc8 29. Ra8 Rxb2 1-0


[Site "https://www.chess.com"]

[Event "Titled Tuesday Blitz June 6 Early 2023"]
[White "Rosh Jain"]
[Black "Garcia Jimenez, Francisco Javier"]
[WhiteFideId "25789465"]
[BlackFideId "2231590"]
[WhiteElo "2233"]
[BlackElo "2246"]
[Result "1-0"]
[Round "7"]
[TimeControl "180+2"]
[Date "2023.06.06"]
[WhiteClock "0:00:51"]
[BlackClock "0:01:27"]
[Board "118"]

1. e4 d5 2. exd5 Qxd5 3. Nc3 Qd8 4. Bc4 Nf6 5. d4 a6 6. Nf3 b5 7. Bb3 c5 8. dxc5 Qxd1+ 9. Nxd1 e6 10. Be3 Ne4 11. a4 b4 12. c3 Nxc5 13. Bc4 bxc3 14. Nxc3 Bb7 15. O-O-O Be7 16. Ne5 O-O 17. f3 Bf6 18. Bxc5 Bxe5 19. Bxf8 Kxf8 20. Rd8+ Ke7 21. Rh8 Nd7 22. Rxa8 Bxa8 23. Bxa6 g5 24. Bb5 Nc5 25. Kc2 g4 26. fxg4 Bxg2 27. Re1 f6 28. b4 Nb7 29. a5 Nd6 30. Bd3 h6 31. b5 Nb7 32. a6 Nc5 33. b6 Bxc3 34. Kxc3 Na4+ 35. Kb4 Nxb6 36. Kb5 Na8 37. a7 Kd6 38. Ka6 Nc7+ 39. Kb6 Na8+ 40. Ka5 Nc7 41. Be4 Bxe4 42. Rxe4 Kd5 43. Kb6 Na8+ 44. Kb7 Kxe4 45. Kxa8 1-0


[Site "https://www.chess.com"]

[Event "Titled Tuesday Blitz June 6 Early 2023"]
[White "MunichMouse"]
[Black "Ansh M Shah"]
[BlackFideId "25033379"]
[WhiteElo "2282"]
[BlackElo "2084"]
[Result "1-0"]
[Round "7"]
[TimeControl "180+2"]
[Date "2023.06.06"]
[WhiteClock "0:00:25"]
[BlackClock "0:00:13"]
[Board "119"]

1. d4 c6 2. c4 d5 3. Nf3 Nf6 4. e3 e6 5. Nc3 Be7 6. b3 O-O 7. Bb2 b6 8. Bd3 Bb7 9. O-O Nbd7 10. e4 dxe4 11. Nxe4 Nxe4 12. Bxe4 Nf6 13. Bc2 c5 14. Ne5 cxd4 15. Bxd4 Qc7 16. Qe2 Rad8 17. Rad1 Bc5 18. Bb2 Rxd1 19. Rxd1 Rd8 20. Rxd8+ Qxd8 21. Qd3 Qxd3 22. Bxd3 Ne4 23. Bxe4 Bxe4 24. a3 a5 25. Kf1 Bc2 26. b4 axb4 27. axb4 Bxb4 28. Ke2 Bc5 29. Nd7 Bb3 30. Kd3 Bxf2 31. Bd4 Bxd4 32. Kxd4 e5+ 33. Nxe5 Ba4 34. Kd5 Kf8 35. Kd6 f6 36. Nf3 Kf7 37. Nd4 g5 38. Kc7 Kg6 39. Kxb6 f5 40. c5 f4 41. Nb5 Bb3 42. c6 Be6 43. Nd4 Bc8 44. Kc7 Ba6 45. Kb6 Bc8 46. Kc7 Ba6 47. Kd6 Kf6 48. c7 h5 49. Nb5 Kf5 50. Kd5 g4 51. Nd6+ Kg5 52. Ke4 h4 53. h3 gxh3 54. gxh3 Kf6 55. Kxf4 Ke6 56. c8=Q+ Bxc8 57. Nxc8 Kf6 58. Kg4 Kg6 59. Kxh4 Kh6 60. Kg4 Kg6 61. h4 Kh6 62. h5 Kh7 63. Kg5 Kg7 64. h6+ Kh7 65. Kh5 Kh8 66. Kg6 Kg8 67. Nd6 Kh8 68. Nf7+ Kg8 69. h7+ Kf8 70. h8=Q+ Ke7 71. Qd8+ 1-0


[Site "https://www.chess.com"]

[Event "Titled Tuesday Blitz June 6 Early 2023"]
[White "Levitan, Caleb Levi"]
[Black "Makhmudov, Shukhrat"]
[WhiteFideId "14332620"]
[BlackFideId "14200775"]
[WhiteElo "1963"]
[BlackElo "2135"]
[Result "0-1"]
[Round "7"]
[TimeControl "180+2"]
[Date "2023.06.06"]
[WhiteClock "0:00:01"]
[BlackClock "0:00:49"]
[Board "120"]

1. e4 e5 2. Nf3 Nc6 3. Bb5 a6 4. Ba4 Nf6 5. Qe2 b5 6. Bb3 Be7 7. c3 d6 8. O-O O-O 9. Rd1 Bg4 10. d3 Bh5 11. Nbd2 Na5 12. Bc2 c5 13. Nf1 h6 14. Ng3 Bg4 15. h3 Be6 16. d4 cxd4 17. cxd4 Qc7 18. d5 Bd7 19. Be3 Nc4 20. Rac1 Nxe3 21. Qxe3 Qa5 22. Bb1 Rfc8 23. Nh4 Nxd5 24. Rxd5 Bxh4 25. Rcd1 Be7 26. f4 Be6 27. fxe5 Bxd5 28. exd5 dxe5 29. d6 Bg5 30. Qe4 g6 31. Qxe5 Qb6+ 32. Kh1 Qe3 33. Ne4 Qf4 34. Qd5 Rd8 35. d7 Ra7 36. Nc5 Rc7 37. Bxg6 Rxc5 38. Qxc5 fxg6 39. Qd5+ Qf7 40. Qc6 Qf6 41. Qd5+ Kg7 42. Re1 Qf7 43. Qd4+ Bf6 44. Qb6 Qxd7 45. Rf1 Qd6 46. Qb7+ Rd7 47. Qf3 Rf7 48. Qb3 Qe7 49. Qc2 Be5 50. Rd1 Bc7 51. Qc3+ Qe5 52. Qxe5+ Bxe5 53. Re1 Bxb2 54. Re6 Rf6 55. Re7+ Kf8 56. Rh7 g5 57. Ra7 Rd6 0-1


[Site "https://www.chess.com"]

[Event "Titled Tuesday Blitz June 6 Early 2023"]
[White "Hoffmann, Asa"]
[Black "Chernobay, Artem"]
[WhiteFideId "2001470"]
[BlackFideId "4167406"]
[WhiteElo "2117"]
[BlackElo "2474"]
[Result "0-1"]
[Round "7"]
[TimeControl "180+2"]
[Date "2023.06.06"]
[WhiteClock "0:01:11"]
[BlackClock "0:01:21"]
[Board "122"]

1. d4 Nf6 2. Bg5 Ne4 3. Bf4 c5 4. f3 Nf6 5. dxc5 Qa5+ 6. Nc3 Qxc5 7. e4 d6 8. Qd2 Nc6 9. Nb5 Qb6 10. Be3 Qd8 11. c4 a6 12. Nc3 e6 13. O-O-O Be7 14. Bd3 O-O 15. Nge2 b5 16. cxb5 axb5 17. Bxb5 Na5 18. Kb1 Ba6 19. Bxa6 Rxa6 20. b3 Qa8 21. Nc1 Rb8 22. Rhe1 Nc4 23. Qd3 Nxe3 24. Rxe3 Nd7 25. Rd2 Bg5 26. g3 Nc5 27. Qe2 Bxe3 28. Qxe3 Rc6 29. e5 dxe5 30. Qxe5 Rbc8 31. N1e2 h6 32. f4 Qa6 33. Kb2 Nd3+ 34. Rxd3 Qxd3 35. g4 Qd2+ 36. Kb1 Rxc3 0-1


[Site "https://www.chess.com"]

[Event "Titled Tuesday Blitz June 6 Early 2023"]
[White "Kochiev, Ivan"]
[Black "Mejia, Cherry Ann"]
[WhiteFideId "2917890"]
[BlackFideId "5206880"]
[WhiteElo "2287"]
[BlackElo "2007"]
[Result "1-0"]
[Round "7"]
[TimeControl "180+2"]
[Date "2023.06.06"]
[WhiteClock "0:00:13"]
[BlackClock "0:00:09"]
[Board "124"]

1. e4 c5 2. Nf3 Nc6 3. Bb5 Qb6 4. Nc3 e6 5. O-O a6 6. Bxc6 Qxc6 7. d4 cxd4 8. Nxd4 Qc7 9. Be3 Nf6 10. f4 d6 11. Qf3 Be7 12. Rae1 O-O 13. Qg3 Re8 14. e5 Nd7 15. f5 Nxe5 16. Bh6 Bf8 17. Rxe5 Kh8 18. fxe6 fxe6 19. Rg5 Bd7 20. Rxg7 Be7 21. Rxh7+ 1-0


[Site "https://www.chess.com"]

[Event "Titled Tuesday Blitz June 6 Early 2023"]
[White "Korpics, Zsolt"]
[Black "Degenbaev, Aziz"]
[WhiteFideId "705241"]
[BlackFideId "13802640"]
[WhiteElo "2353"]
[BlackElo "2152"]
[Result "0-1"]
[Round "7"]
[TimeControl "180+2"]
[Date "2023.06.06"]
[WhiteClock "0:00:01"]
[BlackClock "0:00:07"]
[Board "125"]

1. e4 c5 2. Nc3 d6 3. f4 g6 4. Nf3 Bg7 5. Bc4 Nc6 6. O-O e6 7. d3 Nge7 8. Qe1 O-O 9. f5 gxf5 10. Qh4 Ng6 11. Qh5 fxe4 12. dxe4 Nd4 13. Ng5 h6 14. Nxf7 Rxf7 15. Rxf7 Kxf7 16. Bxh6 Qh4 17. Rf1+ Kg8 18. Qxg6 Qxh6 19. Qe8+ Kh7 20. e5 Qg6 21. Bd3 Nf5 22. Qd8 b6 23. Ne4 Bb7 24. Qd7 Bxe4 25. Bxe4 Rf8 26. exd6 Kh8 27. Bxf5 exf5 28. Qe7 Re8 29. Qc7 Re2 30. g3 Qh5 31. Qc8+ Kh7 32. h4 Qg4 33. Qxf5+ Qxf5 34. Rxf5 Rd2 35. Rf7 Rxd6 36. Rxa7 Kg6 37. Rb7 c4 38. c3 Bf8 39. Kf1 Rf6+ 40. Kg2 Bc5 41. Kh3 Rf2 42. b4 Be3 43. a4 Rc2 44. a5 bxa5 45. bxa5 Rxc3 46. a6 Ra3 47. Rc7 c3 48. a7 Bxa7 49. Kg4 Ra4+ 50. Kf3 Bd4 51. g4 Be5 52. Rc6+ Kf7 53. h5 Rf4+ 54. Ke3 Rxg4 55. Rc8 Rh4 56. h6 Rxh6 57. Rc5 Rh3+ 58. Ke2 Bd4 0-1


[Site "https://www.chess.com"]

[Event "Titled Tuesday Blitz June 6 Early 2023"]
[White "Aloma Vidal, Robert"]
[Black "Bogaudinov, Rushan"]
[WhiteFideId "2260409"]
[BlackFideId "4129288"]
[WhiteElo "2435"]
[BlackElo "1967"]
[Result "0-1"]
[Round "7"]
[TimeControl "180+2"]
[Date "2023.06.06"]
[WhiteClock "0:00:07"]
[BlackClock "0:00:46"]
[Board "126"]

1. e4 c5 2. c3 e6 3. d4 d5 4. e5 Nc6 5. Nf3 Nge7 6. Bd3 Nf5 7. Bxf5 exf5 8. O-O Be6 9. Re1 Be7 10. Nbd2 O-O 11. Nf1 cxd4 12. Nxd4 Nxd4 13. Qxd4 b6 14. Qd3 a5 15. Ng3 g6 16. Be3 Qc7 17. Ne2 Rfc8 18. Bd4 Qc4 19. Qd2 b5 20. a3 b4 21. axb4 axb4 22. h3 Kg7 23. Ng3 h5 24. Nf1 h4 25. Ne3 Qb3 26. Nf1 Rcb8 27. Nh2 bxc3 28. bxc3 Rxa1 29. Rxa1 Qb2 30. Qxb2 Rxb2 31. Nf3 g5 32. c4 Rb4 33. Ra7 g4 34. cxd5 Bxd5 35. Rxe7 gxf3 36. e6+ Rxd4 37. Rxf7+ Kg6 38. gxf3 Bxe6 39. Rf8 Bd5 40. Rd8 Rd1+ 41. Kh2 Bxf3 42. Rxd1 Bxd1 43. f4 Kf6 0-1


[Site "https://www.chess.com"]

[Event "Titled Tuesday Blitz June 6 Early 2023"]
[White "Sargsyan, Anna M."]
[Black "Goswami, Vedant"]
[WhiteFideId "13308130"]
[BlackFideId "5003725"]
[WhiteElo "2284"]
[BlackElo "2011"]
[Result "1-0"]
[Round "7"]
[TimeControl "180+2"]
[Date "2023.06.06"]
[WhiteClock "0:01:53"]
[BlackClock "0:00:19"]
[Board "127"]

1. d4 Nc6 2. d5 Ne5 3. f4 Ng6 4. e4 e5 5. dxe6 dxe6 6. Qxd8+ Kxd8 7. Nf3 Nf6 8. Bd3 Bc5 9. c3 a5 10. Ke2 b6 11. g3 Bb7 12. e5 Ne4 13. Rd1 Ke7 14. Be3 Bxe3 15. Kxe3 Nc5 16. Bc2 Rhd8 17. Na3 h6 18. Nb5 Rac8 19. Rxd8 Kxd8 20. Bxg6 fxg6 21. Nh4 Ba6 22. Nd4 g5 23. fxg5 hxg5 24. Nhf3 g4 25. Ng5 Ke7 26. b4 Nd3 27. b5 Bxb5 28. Nxb5 Nxe5 29. Rf1 c6 30. Nd4 c5 31. Ndxe6 Rh8 32. Ke4 Kd6 33. Rd1+ 1-0


[Site "https://www.chess.com"]

[Event "Titled Tuesday Blitz June 6 Early 2023"]
[White "Lacasa Diaz, Jose Antonio"]
[Black "Do Nascimento,Christian Almeida"]
[WhiteFideId "2203375"]
[BlackFideId "2143801"]
[WhiteElo "2338"]
[BlackElo "2078"]
[Result "1-0"]
[Round "7"]
[TimeControl "180+2"]
[Date "2023.06.06"]
[WhiteClock "0:01:19"]
[BlackClock "0:00:16"]
[Board "128"]

1. d4 Nf6 2. c4 e6 3. Nf3 b6 4. g3 Bb7 5. Bg2 Bb4+ 6. Bd2 Be7 7. Nc3 O-O 8. O-O Ne4 9. Nxe4 Bxe4 10. Nh4 Bxg2 11. Nxg2 f5 12. Qc2 d6 13. Nf4 Qd7 14. d5 e5 15. Ne6 Rf7 16. b4 Qc8 17. e4 f4 18. f3 fxg3 19. hxg3 Nd7 20. Kg2 Nf8 21. Nxf8 Qxf8 22. Be3 Qc8 23. a4 Qd7 24. a5 Raf8 25. axb6 axb6 26. Ra7 Bd8 27. Qe2 Qe8 28. c5 bxc5 29. bxc5 dxc5 30. Bxc5 Be7 31. Rxc7 Bxc5 32. Rxc5 Ra7 33. Rfc1 Qf7 34. Rc8 h5 35. Rxf8+ Qxf8 36. Qc2 Ra3 37. Qc8 Rxf3 38. Qxf8+ Rxf8 39. Rc6 Kf7 40. Re6 Re8 41. Rxe8 Kxe8 42. g4 h4 43. g5 1-0


[Site "https://www.chess.com"]